 Dungeon Crawl Stone Soup version 0.29.1-2-gbd0b4ee654 (webtiles) character file.

Game seed: 13409211675973062839

7100 croobank the Trooper (level 10, -10/80 HPs)
             Began as a Demonspawn Conjurer on Nov 29, 2022.
             Was an Initiate of Gozag.
             Mangled by a meliai
             ... wielding a +0 hand axe
              (11 damage)
             ... on level 10 of the Dungeon.
             The game lasted 00:43:38 (13773 turns).

croobank the Trooper (Demonspawn Conjurer)         Turns: 13773, Time: 00:43:38

Health: -10/80     AC: 14    Str:  7    XL:     10   Next: 84%
Magic:  2/19       EV: 13    Int: 29    God:    Gozag
Gold:   1292       SH:  0    Dex: 13    Spells: 9/21 levels left

rFire   . . .      SeeInvis .   F - +6 falchion (vorpal)
rCold   . . .      Faith    .   (no shield)
rNeg    . . .      Spirit   .   y - +0 acid dragon scales
rPois   .          Reflect  .   I - +1 helmet
rElec   .          Harm     .   T - +0 cloak
rCorr   +          Rampage  .   v - +1 pair of gloves
Will    .....                   i - +0 pair of boots
Stlth   +++.......              (no amulet)
HPRegen 0.23/turn               m - ring of wizardry
MPRegen 0.32/turn               s - +6 ring of intelligence

@: lethally poisoned (-10 -> -18), very slightly contaminated
A: slimy green scales 1, ignite blood 1, magic regeneration, demonic touch 2
a: Renounce Religion, Potion Petition, Call Merchant, Bribe Branch


You were on level 10 of the Dungeon.
You worshipped Gozag.
Gozag was most pleased with you.
You visited 1 branch of the dungeon, and saw 10 of its levels.

You collected 1410 gold pieces.
You paid 118 gold pieces to Gozag.

Inventory:

Hand Weapons
 c - a +3 dagger of freezing
 d - a +0 sling
 k - a +0 long sword
 l - the +6 lajatang of Raagguw {vorpal, *Corrode Will+++ Int+4 SInv}
   (You acquired it on level 6 of the Dungeon)

   It inflicts extra damage upon your enemies.
   Int:       It affects your intelligence (+4).
   SInv:      It lets you see invisible.
   *Corrode:  It may corrode you when you take damage.
   Will:      It greatly increases your willpower.
 u - a +2 dagger of speed
 A - a +0 morningstar
 D - a +0 long sword
 E - a +3 short sword
 F - a +6 vorpal falchion (weapon)
 M - a +3 long sword
 N - a +1 vorpal flail
Missiles
 Q - a throwing net
Armour
 a - a +0 robe
 i - a +0 pair of boots (worn)
 v - a +1 pair of gloves (worn)
 y - +0 acid dragon scales (worn)
 I - a +1 helmet (worn)
 T - a +0 cloak (worn)
Jewellery
 m - a ring of wizardry (left hand)
 n - a +4 ring of evasion
 s - a +6 ring of intelligence (right hand)
 B - a ring of ice
 U - a +6 ring of strength
Wands
 q - a wand of digging (4)
 x - a wand of paralysis (4)
 P - a wand of light (9)
 S - a wand of polymorph (15)
Scrolls
 e - a scroll of enchant armour
 h - 2 scrolls of vulnerability
 j - 4 scrolls of amnesia
 p - 4 scrolls of poison
 r - 5 scrolls of teleportation
 t - a scroll of magic mapping
 H - 2 scrolls of butterflies
 L - 3 scrolls of identify
 O - a scroll of immolation
Potions
 b - 3 potions of magic
 f - a potion of brilliance
 o - a potion of mutation
 w - a potion of lignification
 z - 3 potions of flight
 C - a potion of haste
 G - 2 potions of resistance {unknown}
 J - a potion of heal wounds {unknown}
 K - 2 potions of attraction {unknown}
 R - 2 potions of berserk rage {unknown}


   Skills:
 + Level 7.8 Fighting
 - Level 5.0 Polearms
 + Level 6.2 Dodging
 + Level 6.6 Stealth
 + Level 6.1 Spellcasting
 + Level 7.6 Conjurations
 + Level 4.5 Hexes


You had 9 spell levels left.
You knew the following spells:

 Your Spells              Type           Power      Damage    Failure   Level
a - Magic Dart            Conj           100%       1d8       1%          1
b - Searing Ray           Conj           100%       2d8       1%          2
c - Dazzling Flash        Conj/Hex       88%        N/A       1%          3
d - Iskenderun's Mystic   Conj/Tloc      31%        2d8       9%          4
e - Poisonous Vapours     Pois/Air       16%        N/A       6%          2

Your spell library contained the following spells:

 Spells                   Type           Power      Damage    Failure   Level
 Fulminant Prism          Conj/Hex       22%        3d13      3%          4
 Leda's Liquefaction      Hex/Erth       11%        N/A       16%         4
 Irradiate                Conj/Tmut      15%        3d16      24%         5
 Blade Hands              Tmut           4%         N/A       71%         5
 Lee's Rapid Deconstruct  Erth           4%         3d6*      71%         5
 Statue Form              Tmut/Erth      5%         N/A       99%         6
 Dragon Form              Tmut           4%         N/A       100%        7
 Corpse Rot               Necr/Pois/Air  Unusable   N/A       N/A         4

Dungeon Overview and Level Annotations

Branches:
Dungeon (10/15)            Temple (0/1) D:6
   Lair: D:8-11         Orc: D:9-12

Altars:
Dithmenos
Gozag
Hepliaklqana
Okawaru
Trog
Uskayaw
Xom
Yredelemnul

Shops:
D:4 [

Annotations:
D:9 2 transporters, Rudyous's ghost, novice HOFi


Innate Abilities, Weirdness & Mutations

You are partially covered in slimy green scales. (AC +2)
Your demonic aura sometimes causes spilled blood to erupt in flames.
You regenerate magic rapidly.
Your touch may inflict irresistible damage on your foes.


Message History

You feel sick. The meliai closely misses you. The meliai barely misses you.
The meliai misses you. The meliai barely misses you. The meliai misses you.
The meliai barely misses you.
You hit the meliai but do no damage.
The meliai is severely wounded.
You feel sick.
You are no longer poisoned.
The meliai is no longer blind.
The meliai barely misses you. x2
The meliai misses you. The meliai barely misses you.
The meliai hits you with a +0 hand axe.
The meliai stings you but does no damage.
Casting: Dazzling Flash (safe; 1% risk of failure)
Confirm with . or Enter, or press ? or * to list all spells.
You miscast Iskenderun's Mystic Blast.
You are very lightly contaminated with residual magic.
Nothing appears to happen.
The meliai hits you with a +0 hand axe.
* * * LOW HITPOINT WARNING * * *
The meliai closely misses you. x2; The meliai stings you.
* * * LOW HITPOINT WARNING * * *
You are poisoned.
The meliai poisons you!
Casting: Iskenderun's Mystic Blast (dangerous; 9% risk of failure)
Confirm with . or Enter, or press ? or * to list all spells.
Aiming: Searing Ray (safe; 1% risk of failure)
Press: ? - help, Shift-Dir - straight line, f - meliai
Aim: a meliai, wielding a +0 hand axe and wearing a +0 robe (severely wounded, 74% to hit)
The searing ray hits the meliai!
The meliai is almost dead. (Press . to maintain the ray.)
* * * LOW HITPOINT WARNING * * *
You feel very sick.
The meliai closely misses you. x2; The meliai hits you with a +0 hand axe!
* * * LOW HITPOINT WARNING * * *
The meliai stings you but does no damage.
The searing ray misses the meliai.
* * * LOW HITPOINT WARNING * * *
You feel very sick. The meliai hits you with a +0 hand axe!
You die...
Your body crumbles into a pile of gold.

#.. .. $ .. #. #.##
.. .$# #. ####y###
##.#### ###..$@..#
#.....####.'......#
#.....##...#......#
#.....##.###......#
#.....#.<# #......#
##.......##
#......# .......###
#......+ ##.....#
#......# #######
########


You could see a meliai.

Vanquished Creatures
  A two-headed ogre (D:9)
  Maggie (D:8)
  2 meliai (D:10)
  A troll (shapeshifter) (D:8)
  2 hornets (D:9)
  9 yaks
  Sigmund (D:2)
  2 wyverns (D:9)
  2 steam dragons
  An acid dragon (D:6)
  A water moccasin (D:7)
  4 black bears
  3 ice beasts
  2 orc warriors
  4 centaurs
  A phantom (D:6)
  A kobold brigand (D:8)
  3 bullfrogs
  A necrophage (D:6)
  A scorpion (D:4)
  A gnoll sergeant (D:7)
  7 wights
  6 electric eels (D:8)
  2 howler monkeys
  2 hounds (D:6)
  5 orc priests
  2 gnoll boudas
  2 iguanas
  6 orc wizards
  12 gnolls
  7 adders
  A white imp (D:8)
  An ufetubus (D:5)
  A worm (D:3)
  24 orcs
  4 ball pythons
  5 bats
  6 endoplasms
  2 giant cockroaches
  3 goblins
  6 hobgoblins
  8 kobolds
  4 quokkas
  A rat (D:1)
161 creatures vanquished.

Vanquished Creatures (others)
  4 plants (D:8)
4 creatures vanquished.

Grand Total: 165 creatures vanquished

Notes
Turn   | Place    | Note
-------+----------+-------------------------------------------
     0 | D:1      | croobank the Demonspawn Conjurer began the quest for the
                  | Orb.
     0 | D:1      | Reached XP level 1. HP: 13/13 MP: 3/3
   515 | D:1      | Gained mutation: Your touch may inflict minor irresistible
                  | damage on your foes. [demonic ancestry]
   515 | D:1      | Reached XP level 2. HP: 20/20 MP: 1/5
   518 | D:1      | Learned a level 2 spell: Searing Ray
  1002 | D:2      | Reached skill level 1 in Fighting
  1115 | D:2      | Noticed Sigmund
  1458 | D:2      | Found a faded altar of an unknown god.
  1614 | D:3      | Gained mutation: Your demonic aura sometimes causes spilled
                  | blood to erupt in flames. [demonic ancestry]
  1614 | D:3      | Reached XP level 3. HP: 26/26 MP: 2/6
  1945 | D:3      | Found a hide-covered altar of Uskayaw.
  2193 | D:3      | You fall into a shaft and drop 2 floors!
  2193 | D:5      | Entered Level 5 of the Dungeon
  2230 | D:5      | Noticed a black bear
  2247 | D:5      | Learned a level 3 spell: Dazzling Flash
  2371 | D:5      | Gained mutation: Your touch may inflict irresistible damage
                  | on your foes. [demonic ancestry]
  2371 | D:5      | Reached XP level 4. HP: 33/33 MP: 1/7
  3283 | D:4      | Found Tothrego's Armour Shop.
  3343 | D:4      | Reached XP level 5. HP: 39/39 MP: 1/9
  3976 | D:4      | Gained mutation: You regenerate magic rapidly. [demonic
                  | ancestry]
  3976 | D:4      | Reached XP level 6. HP: 47/47 MP: 3/10
  4152 | D:5      | Found a bloodstained altar of Trog.
  4162 | D:5      | Found an opulent altar of Gozag.
  4163 | D:5      | Found a hazy altar of Hepliaklqana.
  4170 | D:5      | Became a worshipper of Gozag Ym Sagoz the Greedy
  4507 | D:5      | Reached skill level 5 in Conjurations
  4507 | D:5      | Reached XP level 7. HP: 45/54 MP: 6/11
  5028 | D:2      | Killed Sigmund
  5566 | D:6      | Reached skill level 5 in Fighting
  5590 | D:6      | Reached XP level 8. HP: 50/62 MP: 3/13
  5836 | D:6      | Found a staircase to the Ecumenical Temple.
  7407 | D:6      | Identified a scroll of acquirement
  7407 | D:6      | Acquired the +6 lajatang of Raagguw {vorpal, *Corrode
                  | Will+++ Int+4 SInv}
  7565 | D:7      | Learned a level 4 spell: Iskenderun's Mystic Blast
  7591 | D:7      | Reached skill level 1 in Polearms
  8112 | D:7      | Reached skill level 1 in Hexes
  8414 | D:7      | Reached XP level 9. HP: 61/69 MP: 13/15
  8424 | D:7      | Reached skill level 5 in Stealth
  8714 | D:7      | Found an iron altar of Okawaru.
  9195 | D:8      | Noticed Maggie
  9216 | D:8      | Killed Maggie
  9217 | D:8      | Reached skill level 5 in Dodging
  9530 | D:8      | Reached skill level 5 in Spellcasting
 10126 | D:8      | Noticed a troll
 10131 | D:8      | Killed a troll
 10304 | D:8      | Gained mutation: You are partially covered in slimy green
                  | scales. (AC +2) [demonic ancestry]
 10304 | D:8      | Reached XP level 10. HP: 68/77 MP: 17/17
 11784 | D:9      | Noticed a two-headed ogre
 12241 | D:9      | Noticed a two-headed ogre
 12241 | D:9      | Noticed Rudyous's ghost (novice HOFi)
 12243 | D:9      | Found a basalt altar of Yredelemnul.
 12245 | D:9      | Noticed a two-headed ogre
 12253 | D:9      | Found a transporter.
 12257 | D:9      | Found a transporter.
 12262 | D:9      | Noticed a two-headed ogre
 12596 | D:8      | Reached skill level 5 in Polearms
 12753 | D:9      | Killed a two-headed ogre
 12770 | D:10     | Entered Level 10 of the Dungeon
 13042 | D:9      | Learned a level 2 spell: Poisonous Vapours
 13396 | D:9      | Found a shadowy altar of Dithmenos.
 13396 | D:9      | Found a shimmering altar of Xom.
 13772 | D:10     | HP: 4/80 [meliai/+0 hand axe (10)]
 13773 | D:10     | HP: 1/80 [poisoned by a meliai]
 13773 | D:10     | Mangled by a meliai

Illustrated notes

Levels and vault maps discovered:
D:1:      amcnicky_arrival_wind_blow, layout_basic, minmay_tetromino_t4
D:2:      layout_loops_ring, chequers_ecumenical_altar_simple, uniq_sigmund
D:3:      minmay_general_purpose_star, layout_basic,
          mainiacjoe_overflow_alcove_1
D:4:      nicolae_cairo_tiling_large, layout_basic, kennysheep_windowed_goal
D:5:      layout_gridville, chequers_temple_overflow_statue_of_worship
D:6:      layout_loops_ring, temple_fountains
D:7:      layout_basic, lemuel_doored_altar, minmay_misc_feat_enclosed
D:8:      cheibrodos_two_vegetables, layout_cave_pools, uniq_maggie
D:9:      layout_irregular_city, gammafunk_temple_overflow_forgotten,
          gammafunk_ghost_smash
D:10:     layout_roguey, lair_entry_dummy, david_orc_5,
          minmay_misc_feat_pillars, serial_bayou_ford_a, nicolae_diode_stairs

Skill      XL: |  1  2  3  4  5  6  7  8  9 10 |
---------------+-------------------------------+-----
Stealth        | 2 3 4 5 6 |  6.6
Dodging        | 2 3 4 5 6 |  6.2
Fighting       | 1 2 3 4 5 6 7 |  7.8
Spellcasting   | 3 4 5 6 |  6.1
Conjurations   | 5 6 7 |  7.6
Polearms       | 1 4 5 |  5.0
Hexes          | 1 3 4 |  4.5

Action                   |  1- 3 |  4- 6 |  7- 9 | 10-12 || total
-------------------------+-------+-------+-------+-------++-------
Melee: Spear             |    21 |     4 |       |       ||    25
       Touch             |     1 |     3 |    17 |     6 ||    27
       Short sword       |       |    13 |    22 |       ||    35
       Lajatang          |       |       |    14 |       ||    14
       Falchion          |       |       |    39 |    32 ||    71
       Unarmed           |       |       |    13 |       ||    13
 Cast: Magic Dart        |    33 |    25 |    46 |    45 ||   149
       Searing Ray       |    11 |    16 |    58 |    19 ||   104
       Dazzling Flash    |     1 |     3 |    29 |    15 ||    48
       Iskenderun's Myst |       |       |     1 |    12 ||    13
       Poisonous Vapours |       |       |       |     6 ||     6
Evoke: Wand              |       |     1 |     9 |     8 ||    18
  Use: Scroll            |     1 |     2 |    20 |     1 ||    24
       Potion            |       |       |     3 |       ||     3
 Stab: Sleeping          |     1 |       |     4 |       ||     5
       Invisible         |     2 |       |     2 |     3 ||     7
       Paralysed         |       |     2 |       |       ||     2
       Distracted        |       |       |     1 |       ||     1
Armor: Robe              |     7 |     9 |    33 |       ||    49
       Acid dragon scale |       |       |     7 |    22 ||    29
Dodge: Dodged            |    19 |    38 |   125 |    60 ||   242
